Map: Lost and Found LE

Players

Lambo - Winner!

  • Race: Zerg Zerg
  • League: Master
  • Spawn Location: 7:00

HeRoMaRinE

  • Race: Terran Terran
  • League: Master
  • Spawn Location: 1:00

Event: HomeStory Cup XVII

VOD

Have the link to the VOD?

Description

Time

  • Played on: June 30, 2018, 10:24 a.m.
  • Length: 6:20

All games in this series

Show
View Real Time Build Order
Export as new Build Order

Lambo Zerg - Winner!

Build Orders: Hatch First 

Get SALT Encoding   

  12  0:00  Drone  
  13  0:12  Overlord  
  13  0:16  Drone  
  14  0:30  Drone x2  
  16  0:48  Hatchery  
  15  0:51  Drone  
  15  0:54  Drone  
  17  0:58  Drone  
  18  1:16  Spawning Pool  
  17  1:26  Drone  
  18  1:39  Drone  
  19  1:43  Drone  
  20  2:04  Queen x2, Zergling x8  
  27  2:17  Zergling x2  
  27  2:22  Zergling x4  
  28  2:31  Overlord  
  26  2:38  Drone  
  26  2:42  Queen  
  27  2:48  Queen, Extractor  
  29  2:53  Zergling x6  
  29  2:58  Overlord  
  32  3:02  Zergling x2  
  32  3:05  Zergling x2  
  34  3:11  Overlord  
  34  3:14  Zergling x2  
  35  3:20  Drone x2  
  37  3:30  Queen  
  37  3:32  Drone x2  
  41  3:41  Queen  
  41  3:44  Drone  
  43  3:51  Drone  
  43  3:52  Overlord  
  44  3:59  Zergling x6  
  44  4:02  Zergling x2  
  48  4:09  Drone x2  
  48  4:10  Spine Crawler  
  48  4:15  Zergling x6  
  50  4:18  Drone  
  50  4:22  Drone x2  
  52  4:26  Overlord  
  52  4:33  Spine Crawler  
  52  4:35  Drone  
  52  4:36  Drone  
  53  4:39  Drone, Extractor  
  53  4:40  Extractor  
  53  4:44  Drone x2  
  54  4:50  Drone  
  54  4:51  Drone  
  55  4:56  Drone x2  
  55  4:58  Drone  
  57  5:04  Drone  
  58  5:07  Queen  
  60  5:14  Overlord  
  60  5:15  Overlord  
  60  5:18  Overlord  
  60  5:32  Queen  
  60  5:38  Zergling x8  
  46  5:47  Zergling x8  
  46  5:49  Zergling x4  
  41  5:51  Zergling x4  
  41  5:58  Zergling x2  
Show
View Real Time Build Order
Export as new Build Order

HeRoMaRinE Terran 

Build Orders:  

Get SALT Encoding   

  12  0:01  SCV  
  13  0:13  SCV  
  14  0:21  Supply Depot  
  14  0:25  SCV  
  15  0:43  Barracks  
  15  0:52  Barracks  
  15  1:05  Barracks  
  15  1:09  SCV  
  16  1:21  SCV  
  17  1:30  Marine  
  18  1:33  SCV  
  19  1:46  Orbital Command  
  16  1:47  Marine  
  17  1:58  Marine  
  18  2:01  Supply Depot  
  18  2:03  Marine  
  18  2:05  Marine  
  19  2:12  SCV  
  19  2:16  Marine  
  19  2:21  Marine  
  20  2:23  Marine  
  20  2:27  SCV  
  22  2:34  Marine  
  23  2:39  Marine  
  23  2:41  SCV  
  23  2:42  Marine  
  24  2:52  Marine  
  24  2:53  SCV  
  24  2:57  Marine  
  27  3:00  Marine  
  27  3:05  SCV  
  29  3:06  Supply Depot  
  29  3:10  Marine  
  30  3:15  Marine  
  31  3:27  Marine x2, SCV  
  31  3:32  Marine  
  33  3:39  SCV  
  34  3:45  Marine x2  
  36  3:50  Marine  
  36  3:55  Supply Depot  
  37  4:03  Marine x2  
  37  4:08  Marine  
  39  4:10  Command Center  
  39  4:21  Marine x2  
  40  4:26  Marine  
  41  4:39  Marine x2  
  41  4:40  Refinery  
  41  4:43  Refinery  
  41  4:44  Marine, SCV  
  45  4:56  Marine, SCV  
  47  5:00  Marine  
  47  5:01  Marine  
  47  5:04  Supply Depot  
  47  5:25  Marine x3, SCV  
  51  5:37  SCV  
  44  5:43  Marine x3  
  29  6:01  Marine x3  
Tags
 
Add a new tag
Caveats
  • Supply blocks, unpowered buildings, or Contaminate may cause inaccurate times.
  • Supply counts are checked every 10 seconds.